 Dungeon Sprint DCSS version 0.30-a0-591-g3c58d2bc28 (webtiles) character file.

Game seed: 11262764425677409249

44632 NinjaNoafa the Executioner (level 14, -18/154 HPs)
             Began as a Hill Orc Monk on Jan 6, 2023.
             Was the Champion of Nemelex Xobeh.
             Killed from afar by a frost giant (55 damage)
             ... with a bolt of cold
             ... in the Dungeon (Sprint VII: "The Pits").
             The game lasted 00:27:23 (5011 turns).

NinjaNoafa the Executioner (Hill Orc Monk)          Turns: 5011, Time: 00:27:23

Health: -18/154    AC: 33    Str: 19    XL:     14   Next: 29%
Magic:  29/29      EV: 10    Int: 10    God:    Nemelex Xobeh [******]
Gold:   807        SH: 18    Dex: 16    Spells: 13/13 levels left

rFire   . . .      SeeInvis .    u - +8 trishula "Condemnation" {holy, anguish, *Noise Fly rN+}
rCold   . . .      Faith    .    x - +1 tower shield
rNeg    + . .      Spirit   .    p - +3 storm dragon scales
rPois   +          Reflect  .    t - +2 helmet
rElec   +          Harm     .    a - +1 cloak
rCorr   .          Rampage  .    j - +0 pair of gloves
Will    +....      NoTele   +    w - +1 pair of boots Stlth
                                 (no amulet)
HPRegen 0.45/turn                G - ring of poison resistance
MPRegen 0.21/turn                q - +3 ring of dexterity

@: flying
A: no striking features
a: Renounce Religion, Draw Escape, Draw Destruction, Draw Summoning, Draw Stack,
Triple Draw, Deal Four, Stack Five


You were in the Dungeon.
You worshipped Nemelex Xobeh.
Nemelex Xobeh was exalted by your worship.
You visited 1 branch You collected 807 gold pieces.

Inventory:

Hand Weapons
 u - the +8 trishula "Condemnation" (weapon) {holy, anguish, *Noise Fly rN+}
   (You found it in the Dungeon)

   It inflicts anguish, making its victims' attacks reflect back on them.
   rN:        It protects you from negative energy.
   Fly:       It grants you flight.
   *Noise:    It may make noises in combat.
Missiles
 e - 5 boomerangs (quivered)
 n - 5 poisoned darts
 o - 4 curare-tipped darts
Armour
 a - a +1 cloak (worn)
 j - a +0 pair of gloves (worn)
 p - +3 storm dragon scales (worn)
 t - a +2 helmet (worn)
 w - a +1 pair of boots (worn)
 x - a +1 tower shield (worn)
 D - a +0 helmet
Jewellery
 q - a +3 ring of dexterity (right hand)
 F - a ring of see invisible
 G - a ring of poison resistance (left hand)
Scrolls
 i - a scroll of blinking
 l - a scroll of butterflies
 m - 2 scrolls of vulnerability
 v - 3 scrolls of fear
 y - a scroll of fog
 H - a scroll of poison
Potions
 b - 8 potions of heal wounds
 c - a potion of ambrosia
 d - 9 potions of curing
 f - 3 potions of haste
 g - 4 potions of magic
 h - 3 potions of berserk rage
 k - 2 potions of invisibility
 r - a potion of brilliance
 s - a potion of resistance
 z - 2 potions of might
 A - a potion of flight {unknown}
 E - a potion of lignification


   Skills:
 + Level 22.1 Fighting
 - Level 24.5(24.6) Axes
 - Level 1.3(14.0) Polearms
 + Level 20.0 Armour
 + Level 8.6 Dodging
 - Level 1.5 Stealth
 + Level 10.6 Shields
 - Level 22.0 Invocations


You had 13 spell levels left.
You didn't know any spells.
Your spell library was empty.

Dungeon Overview and Level Annotations

Branches:
Dungeon (1/1)

Altars:
Ashenzari
Cheibriados
Dithmenos
Elyvilon
Fedhas
Gozag
Hepliaklqana
Kikubaaqudgha
Makhleb
Nemelex Xobeh
Okawaru
Qazlal
Ru
Sif Muna
Trog
Uskayaw
Vehumet
Wu Jian
Xom
Yredelemnul
Zin
The Shining One
Beogh
Jiyva
Lugonu


Message History

Your centaur warrior hits the titan!
Your centaur warrior kicks the titan.
The red draconian scorcher hits you but does no damage.
The frost giant hits your centaur warrior with a +2 battleaxe of freezing!!
The frost giant freezes your centaur warrior.
Your centaur warrior dies!
Your centaur warrior's corpse disappears in a puff of smoke!
Your centaur warrior wields a +0 shortbow.
Your centaur warrior shoots an arrow.
The arrow hits the titan!!
You hit the red draconian scorcher but do no damage.
The red draconian scorcher is almost dead.
The titan waves its arms in wide circles.
The air twists around and strikes you.
The red draconian scorcher gestures at you while chanting.
The bolt of fire hits you!
The red draconian scorcher is wracked by anguish!
Your centaur warrior shoots an arrow.
The arrow barely misses the titan.
You puncture the red draconian scorcher!
You kill the red draconian scorcher!
The titan points at you and mumbles some strange words.
The bolt of lightning hits you. You resist.
The frost giant hits you but does no damage.
Your Armour skill increases to level 20!
You barely miss the titan.
The titan is moderately wounded.
Your centaur warrior unwields a +0 shortbow.
Your centaur warrior hits the titan but does no damage.
Your centaur warrior kicks the titan but does no damage.
The frost giant hits you with a +2 battleaxe of freezing!
The frost giant freezes you.
The titan waves its arms in wide circles.
The air twists around and strikes you.
You draw a card...
You have drawn the Cloud.
Clouds appear around you!
Your centaur warrior hits the titan!
Your centaur warrior kicks the titan.
Your centaur warrior barely misses the titan.
Your centaur warrior kicks the titan.
The titan hits you!!
* * * LOW HITPOINT WARNING * * *
The frost giant gestures at you while chanting.
The bolt of cold hits you!!!
You die...
Your body glows with a rainbow of weird colours and disappears.

# #+#
##.###C###+#
+...'ยงยง@##.##
#+.##cC##..)#
#.##'')).# #
####)## #'# #.#
#'# #.# #'#


You could see a titan (ally target), a frost giant and a friendly centaur
warrior (summoned).

Vanquished Creatures
  Boris (D)
  A Brimstone Fiend (D)
  A shadow dragon (D)
  A frost giant (D)
  A draconian scorcher (D)
  An orc warlord (D)
  An ophan (D)
  A lorocyproca (D)
  A dire elephant (D)
  A spark wasp (D)
  An ettin (D)
  A rakshasa (D)
  3 vault guards (D)
  A catoblepas (D)
  A centaur warrior (D)
  A boulder beetle (D)
  A naga warrior (D)
  An orc high priest (D)
  Sonja (D)
  A deep elf knight (D)
  A spriggan druid (D)
  2 deep trolls (D)
  A glowing orange brain (D)
  A bog body (D)
  2 lindwurms (D)
  A phantasmal warrior (D)
  3 orc knights (D)
  A wolf spider (D)
  2 manticores (D)
  An ugly thing (D)
  A cyclops (D)
  An elephant (D)
  A water nymph (D)
  3 cane toads (D)
  2 kobold demonologists (D)
  2 yaktaurs (D)
  2 efreet (D)
  A komodo dragon (D)
  An ice devil (D)
  A red devil (D)
  A hellwing (D)
  2 merfolk (D)
  A tarantella (D)
  A wandering mushroom (D)
  A polar bear (D)
  12 dream sheep (D)
  A culicivora (D)
  2 flying skulls (D)
  A spriggan (D)
  A water elemental (D)
  A steam dragon (D)
  A warg (D)
  An acid dragon (D)
  A swamp drake (D)
  A sky beast (D)
  2 phantoms (D)
  2 kobold brigands (D)
  A necrophage (D)
  4 wights (D)
  A crimson imp (D)
  A quasit (D)
  A hound (D)
  A hell rat (D)
  2 mummies (D)
  An adder zombie (D)
  3 bats (D)
  A bat zombie (D)
  A giant cockroach (D)
  4 jackals (D)
  A ball python zombie (D)
  A giant cockroach zombie (D)
  A rat (D)
108 creatures vanquished.

Vanquished Creatures (collateral kills)
  An emperor scorpion (D)
  A deep elf annihilator (D)
  A hydra (D)
  An alligator snapping turtle (D)
  A sea snake (D)
  A death drake (D)
  A spriggan druid (D)
  4 orc knights (D)
  An elephant (D)
  A cane toad (D)
  A ynoxinul (D)
  A water elemental (D)
  A fire bat (D)
  2 vampire mosquitoes (D)
  An ufetubus (D)
  A bat skeleton (D)
  A goblin (D)
  A hobgoblin (D)
  4 jackals (D)
  A rat (D)
27 creatures vanquished.

Vanquished Creatures (others)
  A hellephant (D)
  A deep elf blademaster (D)
  A titan (D)
  A jackal (D)
4 creatures vanquished.

Grand Total: 139 creatures vanquished

Notes
Turn   | Place    | Note
-------+----------+-------------------------------------------
     0 | D        | NinjaNoafa the Hill Orc Monk began the quest for the Orb.
     0 | D        | Reached XP level 1. HP: 19/19 MP: 1/1
    43 | D        | Found a bloodstained altar of Trog.
    43 | D        | Found a shimmering blue altar of Sif Muna.
    43 | D        | Found a viscous altar of Jiyva.
    43 | D        | Found a hazy altar of Hepliaklqana.
    43 | D        | Found an opulent altar of Gozag.
    44 | D        | Found a glowing golden altar of the Shining One.
    44 | D        | Found a glowing silver altar of Zin.
    44 | D        | Found a basalt altar of Yredelemnul.
    44 | D        | Found a shimmering altar of Xom.
    44 | D        | Found an ornate altar of the Wu Jian Council.
    44 | D        | Found a sacrificial altar of Ru.
    44 | D        | Found a stormy altar of Qazlal.
    44 | D        | Found an iron altar of Okawaru.
    44 | D        | Found a sparkling altar of Nemelex Xobeh.
    44 | D        | Found a burning altar of Makhleb.
    44 | D        | Found a blossoming altar of Fedhas.
    44 | D        | Found a white marble altar of Elyvilon.
    44 | D        | Found a shadowy altar of Dithmenos.
    44 | D        | Found a snail-covered altar of Cheibriados.
    45 | D        | Found a radiant altar of Vehumet.
    45 | D        | Found a corrupted altar of Lugonu.
    45 | D        | Found a roughly hewn altar of Beogh.
    46 | D        | Found a hide-covered altar of Uskayaw.
    46 | D        | Found an ancient bone altar of Kikubaaqudgha.
    46 | D        | Found a broken altar of Ashenzari.
    52 | D        | Became a worshipper of Nemelex Xobeh the Trickster
    52 | D        | Reached * piety under Nemelex Xobeh
    52 | D        | Received a gift from Nemelex Xobeh
    52 | D        | Received a gift from Nemelex Xobeh
    52 | D        | Reached ** piety under Nemelex Xobeh
    80 | D        | Reached skill level 1 in Armour
    80 | D        | Reached skill level 1 in Invocations
    81 | D        | Reached XP level 2. HP: 7/28 MP: 1/3
    96 | D        | Reached skill level 5 in Axes
   104 | D        | Noticed a fire bat
   129 | D        | Killed a fire bat
   130 | D        | Reached skill level 7 in Axes
   130 | D        | Reached skill level 5 in Armour
   130 | D        | Reached XP level 3. HP: 24/39 MP: 4/7
   130 | D        | Reached XP level 4. HP: 29/47 MP: 4/8
   130 | D        | Reached XP level 5. HP: 32/52 MP: 4/9
   207 | D        | Reached skill level 8 in Axes
   290 | D        | Received a gift from Nemelex Xobeh
   291 | D        | Reached *** piety under Nemelex Xobeh
   291 | D        | Noticed a kobold brigand
   293 | D        | Reached skill level 10 in Axes
   293 | D        | Reached XP level 6. HP: 61/61 MP: 7/12
   298 | D        | Reached skill level 11 in Axes
   298 | D        | Reached skill level 10 in Invocations
   298 | D        | Reached XP level 7. HP: 49/68 MP: 12/14
   303 | D        | Reached skill level 12 in Axes
   396 | D        | Noticed a flying skull
   402 | D        | Killed a flying skull
   403 | D        | Reached skill level 14 in Axes
   471 | D        | Noticed an orc high priest
   476 | D        | Killed an orc high priest
   477 | D        | Reached skill level 10 in Fighting
   477 | D        | Reached XP level 8. HP: 58/79 MP: 14/16
   550 | D        | Reached skill level 10 in Armour
   805 | D        | Received a gift from Nemelex Xobeh
   807 | D        | Noticed a polar bear
   809 | D        | Noticed a dream sheep
   809 | D        | Noticed a dream sheep
   809 | D        | Noticed a dream sheep
   809 | D        | Noticed a dream sheep
   810 | D        | Noticed a dream sheep
   817 | D        | Killed a polar bear
   818 | D        | Reached XP level 9. HP: 66/89 MP: 15/18
   827 | D        | Reached skill level 15 in Axes
   829 | D        | Reached skill level 16 in Axes
  1020 | D        | Received a gift from Nemelex Xobeh
  1035 | D        | Reached **** piety under Nemelex Xobeh
  1037 | D        | Noticed a phantasmal warrior
  1037 | D        | Noticed a cane toad
  1038 | D        | Killed a cane toad
  1043 | D        | Killed a phantasmal warrior
  1043 | D        | Noticed a demonic crawler
  1044 | D        | Reached XP level 10. HP: 83/100 MP: 20/20
  1057 | D        | a demonic crawler changed into an efreet
  1060 | D        | Reached skill level 17 in Axes
  1271 | D        | Reached skill level 15 in Invocations
  1533 | D        | Received a gift from Nemelex Xobeh
  1624 | D        | Noticed a boulder beetle
  1624 | D        | Noticed Sonja
  1625 | D        | Killed Sonja
  1626 | D        | Reached skill level 18 in Axes
  1644 | D        | Killed a boulder beetle
  1725 | D        | Noticed a kobold demonologist
  1734 | D        | Reached XP level 11. HP: 102/111 MP: 23/23
  1736 | D        | Noticed a sixfirhy
  1767 | D        | Received a gift from Nemelex Xobeh
  1767 | D        | Noticed a bog body
  1767 | D        | Noticed a deep troll
  1767 | D        | Noticed a brown ugly thing
  1768 | D        | Reached ***** piety under Nemelex Xobeh
  1772 | D        | Killed a bog body
  1773 | D        | HP: 4/111 [deep troll (12)]
  1780 | D        | Killed a deep troll
  1781 | D        | Reached skill level 15 in Fighting
  1783 | D        | Killed a brown ugly thing
  1784 | D        | Reached skill level 19 in Axes
  1784 | D        | Reached skill level 15 in Armour
  2011 | D        | Received a gift from Nemelex Xobeh
  2012 | D        | Noticed a sea snake
  2041 | D        | Killed a sea snake
  2404 | D        | Received a gift from Nemelex Xobeh
  2407 | D        | Received a gift from Nemelex Xobeh
  2463 | D        | Reached skill level 20 in Axes
  2519 | D        | Acquired 742 gold pieces
  2567 | D        | Noticed a manticore
  2575 | D        | Killed a manticore
  2597 | D        | Received a gift from Nemelex Xobeh
  2632 | D        | Received a gift from Nemelex Xobeh
  2632 | D        | Noticed a rakshasa
  2633 | D        | Killed a rakshasa
  2639 | D        | Reached skill level 21 in Axes
  2639 | D        | Reached XP level 12. HP: 125/125 MP: 17/25
  2684 | D        | Received a gift from Nemelex Xobeh
  2696 | D        | Noticed an emperor scorpion
  2699 | D        | an emperor scorpion changed into a catoblepas
  2699 | D        | Noticed a catoblepas
  2704 | D        | Killed a catoblepas
  2706 | D        | Noticed an alligator snapping turtle
  2720 | D        | Killed an alligator snapping turtle
  2721 | D        | Reached skill level 22 in Axes
  2881 | D        | Received a gift from Nemelex Xobeh
  2881 | D        | Noticed an ettin
  2881 | D        | Noticed an ophan
  2882 | D        | Noticed a lorocyproca
  2882 | D        | Noticed a dire elephant
  2900 | D        | Received a gift from Nemelex Xobeh
  2911 | D        | Killed an ettin
  2911 | D        | Killed a dire elephant
  2915 | D        | Noticed a centaur warrior
  2916 | D        | Killed a lorocyproca
  2917 | D        | Killed a centaur warrior
  3096 | D        | Noticed a six-headed hydra
  3101 | D        | Killed a six-headed hydra
  3103 | D        | Noticed a deep elf knight
  3106 | D        | Noticed an alligator
  3106 | D        | Noticed an orc warlord
  3109 | D        | Noticed a naga warrior
  3112 | D        | an alligator changed into a spark wasp
  3112 | D        | Noticed a spark wasp
  3112 | D        | a deep elf knight changed into a merfolk
  3112 | D        | an orc warlord changed into an emperor scorpion
  3112 | D        | Noticed an emperor scorpion
  3112 | D        | a naga warrior changed into an elephant
  3124 | D        | Reached skill level 23 in Axes
  3127 | D        | Reached XP level 13. HP: 75/138 MP: 9/26
  3130 | D        | Killed a spark wasp
  3136 | D        | Noticed a deep elf annihilator
  3139 | D        | Killed an emperor scorpion
  3141 | D        | Killed a deep elf annihilator
  3148 | D        | Reached skill level 24 in Axes
  3149 | D        | Received a gift from Nemelex Xobeh
  3151 | D        | Noticed a vault guard
  3151 | D        | Noticed an orc warlord
  3174 | D        | Killed an ophan
  3426 | D        | Received a gift from Nemelex Xobeh
  3461 | D        | Noticed a vault guard
  3469 | D        | Killed a vault guard
  3494 | D        | Killed a vault guard
  3496 | D        | Killed an orc warlord
  3711 | D        | Noticed a shadow dragon
  3724 | D        | Killed a shadow dragon
  3728 | D        | Received a gift from Nemelex Xobeh
  3735 | D        | Reached skill level 5 in Shields
  3869 | D        | Noticed a vault guard
  3875 | D        | Killed a vault guard
  3999 | D        | Reached ****** piety under Nemelex Xobeh
  4044 | D        | Found the +8 trishula "Condemnation" {holy, anguish, *Noise
                  | Fly rN+}
  4174 | D        | Noticed a Brimstone Fiend
  4180 | D        | Killed a Brimstone Fiend
  4181 | D        | Reached skill level 1 in Polearms
  4279 | D        | Noticed a deep elf blademaster
  4295 | D        | Killed a deep elf blademaster
  4422 | D        | Noticed a titan
  4427 | D        | Killed a titan
  4429 | D        | Received a gift from Nemelex Xobeh
  4429 | D        | Noticed a frost giant
  4431 | D        | Killed a frost giant
  4607 | D        | Noticed a hellephant
  4614 | D        | Killed a hellephant
  4615 | D        | Reached XP level 14. HP: 47/151 MP: 27/29
  4848 | D        | Noticed Boris
  4848 | D        | Noticed a titan
  4848 | D        | Noticed a frost giant
  4849 | D        | a frost giant changed into a quicksilver dragon
  4849 | D        | Noticed a quicksilver dragon
  4849 | D        | a titan changed into a shard shrike
  4849 | D        | Noticed a shard shrike
  4849 | D        | a quicksilver dragon changed into an anaconda
  4849 | D        | a shard shrike changed into a dire elephant
  4849 | D        | Noticed a dire elephant
  4849 | D        | a dire elephant changed into a deep troll
  4862 | D        | Killed Boris
  4863 | D        | Reached skill level 10 in Shields
  4997 | D        | Noticed a red draconian scorcher
  5003 | D        | Noticed a titan
  5004 | D        | Noticed a frost giant
  5009 | D        | Killed a red draconian scorcher
  5011 | D        | Killed from afar by a frost giant

Illustrated notes

Levels and vault maps discovered:
D:        pitsprint [storerooms_1, entrance_room_1, metal_vault_5, armoury_3,
          mini_pit_1, grid_room_1, main_hall_1, silver_pit, the_coven_3,
          the_vestibule_1, steel_vault_2, golden_pit, hallway_of_sentries,
          crystal_vault_4, iron_vault_1, final_vault]

Skill      XL: |  1  2  3  4  5  6  7  8  9 10 11 12 13 14 |
---------------+-------------------------------------------+-----
Fighting       | 4 7 8 10 11 12 14 17 19 21 22 | 22.1
Armour         | 1 5 8 9 10 12 14 16 17 19 20 | 20.0
Invocations    | 2 6 9 10 11 13 14 16 18 19 22 | 22.0
Axes           | 7 10 11 14 16 18 21 23 24 | 24.5
Dodging        | 6 7 8 |  8.6
Shields        | 8 10 | 10.6
Polearms       | 1 |  1.3
Stealth        | |  1.5

Action                   |  1- 3 |  4- 6 |  7- 9 | 10-12 | 13-15 || total
-------------------------+-------+-------+-------+-------+-------++-------
Melee: Hand axe          |     8 |     6 |    34 |       |       ||    48
       Broad axe         |       |       |    20 |   112 |    46 ||   178
       Punch             |       |       |       |     2 |       ||     2
       Trishula          |       |       |       |       |    55 ||    55
Throw: Dart              |       |       |     1 |     2 |       ||     3
       Boomerang         |       |       |       |     1 |       ||     1
Invok: Draw Destruction  |     1 |     1 |     4 |    12 |     6 ||    24
       Draw Summoning    |     1 |       |       |     4 |     1 ||     6
       Triple Draw       |       |     1 |     1 |       |       ||     2
       Deal Four         |       |       |       |     6 |     1 ||     7
       Draw Escape       |       |       |       |     5 |     1 ||     6
       Stack Five        |       |       |       |     1 |       ||     1
  Use: Potion            |     1 |       |     1 |     9 |     1 ||    12
       Scroll            |       |       |       |     5 |       ||     5
 Stab: Confused          |       |       |     1 |       |       ||     1
Armor: Robe              |     5 |     6 |       |       |       ||    11
       Chain mail        |       |     3 |    18 |       |       ||    21
       Plate armour      |       |       |    25 |   144 |    34 ||   203
       Storm dragon scal |       |       |       |       |    35 ||    35
Dodge: Dodged            |    20 |     7 |    24 |    98 |    15 ||   164
Block: Tower shield      |       |       |       |       |    31 ||    31
       Kite shield       |       |       |       |       |     8 ||     8

Table legend: (Time is in decaauts)
 A = Elapsed time spent in this place.
 B = Non-inter-level travel time spent in this place.
 C = Inter-level travel time spent in this place.
 D = Time resting spent in this place.
 E = Time spent auto-exploring this place.
 F = Levels seen in this place.
 G = Mean time per level.
                   A        B        C        D        E       F      G
               +--------+--------+--------+--------+--------+-----+--------+
         Total |   5014 |   4921 |     93 |   1696 |   1978 |   1 | 5014.0 |
       Dungeon |   5014 |   4921 |     93 |   1696 |   1978 |   1 | 5014.0 |
               +--------+--------+--------+--------+--------+-----+--------+

Top non-repeatable levels by time:
       D: 5014 daAuts
